[ AOE2 MATCH · #478596017 ]
1v1 EWMongols vs Ethiopians
Player's team · LOSS
[ REPLAY ANALYSIS · EXTRACTED FROM THE RECORDED GAME ]
Feudal
—
Castle
—
Imperial
—
| APM avg | 29.9 |
| APM peak | 49 |
| eAPM avg | 20.4 |
| Villagers / military | 60 / 47 |
Focus
⚔️ 31.8% · 🌾 68.2%
Scout Cavalry ×36 · Cavalry Archer ×11
Feudal
—
Castle
10:24
Imperial
—
| APM avg | 33.0 |
| APM peak | 49 |
| eAPM avg | 20.0 |
| Villagers / military | 58 / 73 |
Focus
⚔️ 33.9% · 🌾 66.1%
Spearman ×40 · Archer ×30 · Battering Ram ×3
Match map
Initial resources + every placement click. Lines = walls · curves = elevation contours. ◆ gold · ⬟ stone · ● berries · ✦ relic · ◌ wall gap
Your base· Open — unwalled flank
Afisicote's base· Open — 9t gap
Smoothed initial terrain · ◌ = detected wall gap · hover for details
Inputs per minute
— PaitoA - - Afisicote
Build order — PaitoA
150 actions detected in the replay
| 0:02 | Create | Villager (Male) |
| 0:02 | Create | Villager (Male) |
| 0:02 | Create | Villager (Male) |
| 0:35 | Build | House |
| 0:39 | Build | Stable |
| 0:41 | Build | House |
| 0:54 | Research | Scale Barding Armor |
| 1:06 | Create | Villager (Male) |
| 1:06 | Create | Villager (Male) |
| 1:27 | Create | Scout Cavalry |
| 1:39 | Create | Villager (Male) |
| 1:54 | Create | Scout Cavalry |
| 2:04 | Build | House |
| 2:05 | Create | Scout Cavalry |
| 2:15 | Create | Villager (Male) |
| 2:16 | Create | Villager (Male) |
| 2:21 | Research | Forging |
| 2:27 | Build | House |
| 2:43 | Build | Stable |
| 2:48 | Create | Villager (Male) |
| 2:48 | Create | Villager (Male) |
| 2:50 | Create | Scout Cavalry |
| 3:00 | Create | Scout Cavalry |
| 3:39 | Research | Bloodlines |
| 3:46 | Build | Watch Tower |
| 3:50 | Build | House |
| 3:59 | Create | Villager (Male) |
| 4:06 | Create | Villager (Male) |
| 4:19 | Build | Mill |
| 4:35 | Create | Villager (Male) |
| 4:46 | Create | Scout Cavalry |
| 5:00 | Create | Scout Cavalry |
| 5:01 | Create | Scout Cavalry |
| 5:16 | Create | Villager (Male) |
| 5:24 | Create | Scout Cavalry |
| 5:25 | Create | Villager (Male) |
| 5:35 | Create | Villager (Male) |
| 5:41 | Build | House |
| 5:47 | Create | Villager (Male) |
| 5:47 | Create | Scout Cavalry |
| 5:48 | Create | Scout Cavalry |
| 6:03 | Build | Mill |
| 6:20 | Create | Scout Cavalry |
| 6:20 | Create | Scout Cavalry |
| 6:28 | Create | Scout Cavalry |
| 6:29 | Create | Scout Cavalry |
| 6:49 | Build | Mill |
| 6:53 | Create | Scout Cavalry |
| 6:53 | Create | Scout Cavalry |
| 7:02 | Create | Scout Cavalry |
| 7:02 | Create | Scout Cavalry |
| 7:18 | Create | Villager (Male) |
| 7:34 | Create | Scout Cavalry |
| 7:34 | Create | Scout Cavalry |
| 7:48 | Create | Villager (Male) |
| 7:49 | Create | Villager (Male) |
| 7:55 | Create | Scout Cavalry |
| 7:56 | Create | Scout Cavalry |
| 8:21 | Create | Scout Cavalry |
| 8:21 | Create | Scout Cavalry |
| 8:22 | Create | Villager (Male) |
| 8:22 | Create | Villager (Male) |
| 8:27 | Build | House |
| 8:34 | Create | Scout Cavalry |
| 8:34 | Create | Scout Cavalry |
| 8:58 | Build | Mill |
| 8:59 | Create | Scout Cavalry ×4 |
| 9:03 | Build | House |
| 9:31 | Create | Villager (Male) |
| 9:32 | Create | Villager (Male) |
| 9:48 | Build | Mill |
| 10:06 | Build | Mining Camp |
| 10:09 | Create | Scout Cavalry |
| 10:48 | Research | Castle Age |
| 10:50 | Create | Scout Cavalry |
| 10:50 | Create | Scout Cavalry |
| 11:07 | Build | Watch Tower |
| 11:12 | Create | Scout Cavalry |
| 11:12 | Create | Scout Cavalry |
| 11:26 | Research | Fletching |
| 11:48 | Build | Watch Tower |
| 13:01 | Research | Wheelbarrow |
| 13:05 | Create | Villager (Male) |
| 13:05 | Create | Villager (Male) |
| 13:26 | Research | Double-Bit Axe |
| 13:38 | Research | Husbandry |
| 13:41 | Research | Light Cavalry (upgrade) |
| 13:54 | Create | Villager (Male) |
| 13:55 | Create | Villager (Male) |
| 13:58 | Research | Bow Saw |
| 13:59 | Create | Villager (Male) |
| 14:24 | Create | Villager (Male) |
| 14:36 | Create | Villager (Male) |
| 14:48 | Build | House |
| 14:53 | Build | House |
| 14:55 | Create | Villager (Male) |
| 14:56 | Create | Villager (Male) |
| 15:19 | Build | House |
| 16:15 | Build | Town Center |
| 16:31 | Build | Mill |
| 16:49 | Create | Villager (Male) |
| 17:07 | Build | Outpost |
| 17:16 | Create | Villager (Male) |
| 17:16 | Create | Villager (Male) |
| 17:17 | Create | Villager (Male) |
| 17:27 | Build | Town Center |
| 17:33 | Research | Wheelbarrow |
| 18:04 | Create | Villager (Male) |
| 18:04 | Create | Villager (Male) |
| 18:05 | Create | Villager (Male) |
| 18:16 | Research | Chain Barding Armor |
| 18:20 | Build | Stable |
| 18:21 | Build | Stable |
| 18:29 | Build | Archery Range |
| 18:32 | Research | Bodkin Arrow |
| 18:33 | Research | Padded Archer Armor |
| 18:37 | Build | Archery Range |
| 18:40 | Build | Archery Range |
| 19:01 | Create | Villager (Male) |
| 19:01 | Create | Villager (Male) |
| 19:01 | Create | Villager (Male) |
| 19:01 | Create | Villager (Male) |
| 19:01 | Create | Villager (Male) |
| 19:02 | Create | Villager (Male) |
| 19:02 | Create | Villager (Male) |
| 19:02 | Create | Villager (Male) |
| 19:12 | Build | Lumber Camp |
| 19:22 | Build | Lumber Camp |
| 19:27 | Create | Villager (Male) ×5 |
| 19:52 | Research | Thumb Ring |
| 19:54 | Create | Cavalry Archer |
| 19:57 | Create | Cavalry Archer |
| 19:58 | Create | Cavalry Archer |
| 19:58 | Create | Cavalry Archer |
| 20:03 | Build | University |
| 20:07 | Create | Villager (Male) |
| 20:07 | Create | Villager (Male) |
| 20:15 | Build | Mining Camp |
| 20:21 | Create | Villager (Male) ×5 |
| 20:40 | Create | Cavalry Archer |
| 20:41 | Create | Cavalry Archer |
| 20:41 | Create | Cavalry Archer |
| 20:50 | Build | Market |
| 20:59 | Research | Gold Mining |
| 21:24 | Create | Cavalry Archer ×4 |
| 21:26 | Build | House |
| 21:28 | Build | House |
| 21:29 | Build | House |
| 21:30 | Build | House |
| 21:30 | Build | House |
Build order — Afisicote
First 150 of 166 actions detected
| 0:00 | Create | Villager (Male) |
| 0:01 | Create | Villager (Male) |
| 0:01 | Create | Villager (Male) |
| 0:12 | Build | Archery Range |
| 0:42 | Create | Archer |
| 0:42 | Create | Archer |
| 0:43 | Create | Archer |
| 0:53 | Create | Spearman |
| 0:54 | Create | Spearman |
| 0:56 | Create | Archer |
| 0:58 | Research | Fletching |
| 1:06 | Build | House |
| 1:12 | Build | House |
| 1:19 | Create | Villager (Male) |
| 1:20 | Create | Villager (Male) |
| 1:26 | Create | Villager (Male) |
| 1:58 | Create | Villager (Male) |
| 1:59 | Create | Archer |
| 2:01 | Create | Spearman |
| 2:15 | Create | Villager (Male) |
| 2:21 | Create | Villager (Male) |
| 2:24 | Research | Double-Bit Axe |
| 2:28 | Create | Spearman |
| 2:33 | Research | Padded Archer Armor |
| 2:40 | Create | Villager (Male) |
| 2:49 | Build | House |
| 3:00 | Create | Spearman |
| 3:00 | Create | Spearman |
| 3:02 | Create | Archer |
| 3:06 | Create | Villager (Male) |
| 3:43 | Create | Archer |
| 3:43 | Create | Archer |
| 3:46 | Create | Spearman |
| 3:46 | Create | Spearman |
| 3:47 | Create | Archer |
| 4:03 | Build | House |
| 4:06 | Create | Villager (Male) |
| 4:12 | Build | House |
| 4:34 | Build | Farm |
| 4:34 | Build | Farm |
| 4:34 | Build | Farm |
| 4:35 | Build | Farm |
| 4:47 | Research | Horse Collar |
| 5:27 | Build | Farm |
| 5:29 | Create | Villager (Male) |
| 5:31 | Build | Farm |
| 5:34 | Build | Farm |
| 5:37 | Build | Farm |
| 5:38 | Build | Farm |
| 5:42 | Build | Farm |
| 5:44 | Create | Villager (Male) |
| 6:11 | Create | Spearman |
| 6:11 | Create | Spearman |
| 6:12 | Create | Archer |
| 6:13 | Create | Archer |
| 6:13 | Create | Archer |
| 6:46 | Create | Villager (Male) |
| 6:47 | Build | Farm |
| 7:07 | Build | House |
| 7:28 | Create | Villager (Male) |
| 7:31 | Research | Castle Age |
| 7:57 | Create | Spearman ×5 |
| 7:58 | Create | Archer ×4 |
| 8:32 | Build | Farm |
| 8:37 | Build | Barracks |
| 8:40 | Build | Barracks |
| 8:43 | Build | Archery Range |
| 8:45 | Create | Archer |
| 8:45 | Create | Archer |
| 8:46 | Create | Spearman |
| 8:47 | Create | Spearman |
| 8:47 | Create | Spearman |
| 9:00 | Create | Villager (Male) |
| 9:06 | Research | Scale Mail Armor |
| 9:06 | Research | Forging |
| 9:10 | Build | House |
| 9:43 | Build | House |
| 9:49 | Build | House |
| 9:56 | Build | House |
| 10:03 | Create | Villager (Male) |
| 10:03 | Create | Villager (Male) |
| 10:05 | Create | Villager (Male) |
| 10:12 | Create | Villager (Male) |
| 10:14 | Build | Farm |
| 10:17 | Build | House |
| 10:19 | Create | Villager (Male) |
| 10:24 | Age | Castle Age |
| 10:29 | Research | Crossbowman (upgrade) |
| 10:35 | Create | Spearman ×3 |
| 10:36 | Create | Archer ×3 |
| 11:32 | Create | Villager (Male) |
| 11:32 | Create | Villager (Male) |
| 11:33 | Build | Farm |
| 12:02 | Build | Siege Workshop |
| 12:06 | Create | Villager (Male) |
| 12:06 | Create | Villager (Male) |
| 12:11 | Create | Villager (Male) |
| 12:11 | Create | Villager (Male) |
| 12:29 | Build | Farm |
| 12:31 | Build | Farm |
| 12:43 | Research | Squires |
| 12:49 | Create | Battering Ram |
| 13:00 | Create | Villager (Male) |
| 13:17 | Create | Archer |
| 13:17 | Create | Archer |
| 13:23 | Create | Villager (Male) |
| 13:23 | Create | Villager (Male) |
| 13:33 | Create | Villager (Male) |
| 13:49 | Build | Town Center |
| 13:56 | Create | Spearman |
| 13:56 | Create | Spearman |
| 14:10 | Create | Villager (Male) |
| 14:17 | Build | Palisade Wall |
| 14:27 | Research | Forging |
| 14:49 | Create | Villager (Male) |
| 14:50 | Create | Villager (Male) |
| 14:50 | Create | Villager (Male) |
| 14:50 | Create | Villager (Male) |
| 14:59 | Research | Wheelbarrow |
| 15:07 | Create | Archer |
| 15:43 | Create | Villager (Male) |
| 15:44 | Create | Villager (Male) |
| 15:45 | Create | Villager (Male) |
| 15:45 | Create | Villager (Male) |
| 15:45 | Create | Villager (Male) |
| 15:48 | Create | Villager (Male) |
| 15:48 | Create | Villager (Male) |
| 16:05 | Create | Battering Ram |
| 16:23 | Create | Spearman |
| 16:23 | Create | Spearman |
| 16:23 | Create | Spearman |
| 16:23 | Create | Spearman |
| 16:24 | Create | Spearman |
| 16:47 | Build | Farm |
| 17:14 | Create | Battering Ram |
| 17:17 | Create | Villager (Male) |
| 17:17 | Create | Villager (Male) |
| 17:20 | Create | Spearman ×2 |
| 17:20 | Create | Spearman ×2 |
| 17:21 | Create | Archer ×3 |
| 17:22 | Create | Archer ×3 |
| 17:32 | Create | Villager (Male) |
| 17:45 | Create | Villager (Male) |
| 18:01 | Create | Spearman |
| 18:01 | Create | Spearman |
| 18:01 | Create | Spearman |
| 18:02 | Create | Spearman |
| 18:08 | Build | House |
| 18:18 | Build | Castle |
| 18:29 | Create | Spearman ×4 |
Match timeline
| 0:12 | Afisicote · first_building Archery Range |
| 0:39 | PaitoA · first_building Stable |
| 8:37 | Afisicote · first_building Barracks |
| 10:24 | Afisicote · age_up castle |
| 12:02 | Afisicote · first_building Siege Workshop |
| 14:17 | Afisicote · wall_segment Palisade Wall x1 |
| 18:18 | Afisicote · first_building Castle |
| 18:29 | PaitoA · first_building Archery Range |
| 22:36 | PaitoA · resign |
[ AI ANALYSIS · 1 CREDIT ]
What really happened in this match?
Wolo.gg analyzes every decision: build order, eco, micro, common mistakes by bracket. Personalized analysis on WhatsApp or Discord in 30 seconds.
Civ guide
Mongols
Map guide
Dunesprings
Perfil
PaitoA